 Dungeon Crawl Stone Soup version 0.23.2-30-g0e89c35649 (webtiles) character file.

Game seed: 7218499421108176730

906 myga the Poker (level 7, 0/54 HPs)
             Began as a Demonspawn Berserker on June 11, 2019.
             Was a Priest of Trog.
             Slain by a slave (3 damage)
             ... led by Pikel
             ... on level 5 of the Dungeon.
             The game lasted 00:16:00 (4097 turns).

myga the Poker (Demonspawn Berserker)               Turns: 4097, Time: 00:16:02

Health: 0/54       AC: 12    Str: 19    XL:     7   Next: 81%
Magic:  0/7        EV:  9    Int:  8    God:    Trog [***...]
Gold:   188        SH:  0    Dex: 13    Spells: 6/6 levels left

rFire    . . .     SeeInvis .   r - +1 trident
rCold    . . .     Gourm    .   (no shield)
rNeg     . . .     Faith    .   u - +0 chain mail
rPois    .         Spirit   +   l - +2 hat
rElec    .         Reflect  .   (no cloak)
rCorr    .         Harm     .   (no gloves)
MR       ++...                  h - +0 pair of boots
Stlth    ..........             d - amulet of guardian spirit
HPRegen  1.18/turn              a - ring of flight
MPRegen  0.10/turn              (no ring)

@: berserk cooldown, starving, regenerating, hasted and slowed
A: claws 1, powered by death 1
a: Berserk, Trog's Hand, Renounce Religion, Evoke Flight


You were on level 5 of the Dungeon.
You worshipped Trog.
Trog was most pleased with you.
You were starving.

You visited 1 branch of the dungeon, and saw 5 of its levels.

You collected 188 gold pieces.

Inventory:

Hand Weapons
 r - a +1 trident (weapon)
Missiles
 j - 43 stones (quivered)
 m - 5 javelins
 y - 4 tomahawks
Armour
 h - a +0 pair of boots (worn)
 l - a +2 hat (worn)
 u - a +0 chain mail (worn)
Jewellery
 a - a ring of flight (left claw)
 d - an amulet of guardian spirit (around neck)
 B - the ring of Prescription {Wiz rPois Dex+4, unknown}
   (You found it on level 5 of the Dungeon)

   [ring of wizardry]

   It improves your spell success rate.
   It affects your dexterity (+4).
   It protects you from poison.
Wands
 q - a wand of flame (11)
 t - a wand of scattershot (7)
 w - a wand of polymorph (5)
Scrolls
 b - a scroll of enchant armour {unknown}
 e - 2 scrolls of remove curse
 i - 2 scrolls of magic mapping
 k - a scroll of enchant weapon
 o - 2 scrolls of teleportation {unknown}
 A - a scroll of identify
Potions
 g - a potion of haste
 n - a potion of agility
 p - a potion of curing
 s - 2 potions of might {unknown}
 v - a potion of magic {unknown}
 x - a potion of berserk rage {unknown}
Comestibles
 c - 9 rations
 z - 13 chunks of flesh


   Skills:
 + Level 4.3 Fighting
 + Level 6.1 Polearms
 + Level 0.6 Throwing
 + Level 4.4 Armour
 + Level 3.1 Dodging
 + Level 1.1 Stealth


You had 6 spell levels left.
You didn't know any spells.
Your spell library was empty.

Dungeon Overview and Level Annotations

Branches:
Dungeon (5/15)
 Temple: D:4-7

Altars:
Cheibriados
Qazlal
Wu Jian

Annotations:
D:5 3 runed translucent doors, Pikel; skk's ghost, amateur DsFi


Innate Abilities, Weirdness & Mutations

You have sharp fingernails.
You regenerate a little health from kills.


Message History

Okay, then.
Okay, then.
Your chain mail prevents you from hitting Pikel.
Pikel is almost dead.
Pikel hits you but does no damage. The orc completely misses you.
The slave hits you but does no damage. The orc hits you but does no damage. x2
The slave hits you but does no damage. The slave hits you!
* * * LOW HITPOINT WARNING * * *
Pikel completely misses you. The orc barely misses you. x2
The orc hits you but does no damage. The slave hits you.
* * * LOW HITPOINT WARNING * * *
The orc barely misses you. The slave hits you but does no damage.
You feel yourself speed up. Pikel barely misses you. The slave hits you.
* * * LOW HITPOINT WARNING * * *
Pikel barely misses you. The orc hits you but does no damage. x2
The orc closely misses you.
The slave hits you but does no damage. x2
The orc hits you with a +0 club.
* * * LOW HITPOINT WARNING * * *
The slave hits you.
You die...

#.....# #.
#.....# ...
#.....#.8..
#.....#..
#.......
#.....#
#.pKo.#
#.p@op# pK
#.poo.# #p#
#.....# ...
#.....# .p
#.....##'###
#.....#....#
#.....#....#..
#.............
#...##+++##...


You could see Pikel, 4 slaves and 4 orcs.

Vanquished Creatures
  Grinder (D:5)
  A centaur (D:5)
  A scorpion (D:5)
  A bullfrog skeleton (D:5)
  3 orc wizards (D:5)
  5 orc priests
  2 hounds
  Ijyb (D:3)
  2 worker ants
  4 adders
  4 gnolls (D:4)
  5 worms
  4 dart slugs
  6 leopard geckos
  14 orcs
  9 bats
  4 giant cockroaches
  4 goblins
  7 hobgoblins
  3 jackals (D:3)
  7 kobolds
  A ball python (D:3)
  A frilled lizard (D:4)
  A jackal skeleton (D:4)
  2 quokka skeletons (D:5)
  4 rats (D:2)
97 creatures vanquished.

Vanquished Creatures (others)
  A fungus (D:5)
1 creature vanquished.

Grand Total: 98 creatures vanquished

Notes
Turn   | Place    | Note
-------+----------+-------------------------------------------
     0 | D:1      | myga the Demonspawn Berserker began the quest for the Orb.
     0 | D:1      | Reached XP level 1. HP: 18/18 MP: 1/1
   126 | D:1      | Reached skill level 3 in Polearms
   130 | D:1      | Gained mutation: You regenerate a little health from kills.
                  | [demonic ancestry]
   130 | D:1      | Reached XP level 2. HP: 23/24 MP: 2/2
   869 | D:2      | Reached XP level 3. HP: 29/29 MP: 3/3
   906 | D:2      | Found a stormy altar of Qazlal.
  1003 | D:2      | Reached ** piety under Trog
  1340 | D:2      | Gained mutation: You have sharp fingernails. [demonic
                  | ancestry]
  1340 | D:2      | Reached XP level 4. HP: 25/37 MP: 1/4
  1805 | D:3      | Noticed Ijyb
  1823 | D:3      | Killed Ijyb
  2395 | D:3      | Reached skill level 4 in Polearms
  2414 | D:3      | Reached XP level 5. HP: 35/42 MP: 3/5
  2632 | D:4      | Reached skill level 1 in Stealth
  2887 | D:4      | Found an ornate altar of the Wu Jian Council.
  2923 | D:4      | Reached XP level 6. HP: 48/48 MP: 4/6
  3532 | D:4      | Found a snail-covered altar of Cheibriados.
  3658 | D:5      | Entered Level 5 of the Dungeon
  3689 | D:5      | Reached skill level 5 in Polearms
  3697 | D:5      | Noticed Grinder
  3699 | D:5      | Paralysed by Grinder for 4 turns
  3709 | D:5      | Killed Grinder
  3709 | D:5      | Reached XP level 7. HP: 54/54 MP: 5/7
  3879 | D:5      | Reached *** piety under Trog
  3890 | D:5      | Reached skill level 6 in Polearms
  3949 | D:5      | Got a brightly glowing steel ring
  4062 | D:5      | Found a runed translucent gate.
  4062 | D:5      | Found a runed translucent gate.
  4062 | D:5      | Found a runed translucent gate.
  4064 | D:5      | Noticed skk's ghost (amateur DsFi)
  4065 | D:5      | Identified the cursed +2 dagger "Death Rattle" {elec,
                  | +Rage}
  4066 | D:5      | Noticed Pikel
  4097 | D:5      | Slain by a slave

Skill      XL: |  1  2  3  4  5  6  7 |
---------------+----------------------+-----
Polearms       | 3 4 5 6 |  6.1
Dodging        | 2 3 |  3.1
Armour         | 2 3 4 |  4.4
Stealth        | 1 |  1.1
Fighting       | 4 |  4.3
Throwing       | |  0.6

Action                   |  1- 3 |  4- 6 |  7- 9 || total
-------------------------+-------+-------+-------++-------
Melee: Spear             |   163 |    81 |       ||   244
       Trident           |       |   103 |    62 ||   165
Throw: Stone             |     5 |     9 |     3 ||    17
       Javelin           |       |     4 |       ||     4
Invok: Berserk           |       |     4 |     2 ||     6
       Trog's Hand       |       |     2 |     2 ||     4
  Use: Scroll            |     3 |     3 |       ||     6
       Potion            |       |     2 |     2 ||     4
 Stab: Sleeping          |     4 |       |       ||     4
  Eat: Chunk             |     2 |     7 |     3 ||    12
       Ration            |       |     1 |       ||     1
Armor: Animal skin       |    31 |       |       ||    31
       Ring mail         |       |    13 |       ||    13
       Chain mail        |       |    37 |    94 ||   131
Dodge: Dodged            |    73 |    59 |    86 ||   218
